 Dungeon Crawl Stone Soup version 0.31.0-11-ge490571c62 (webtiles) character file.

Game seed: 6136324844716101072

41183 experimilk the Grappler (level 13, -2/131 HPs)
             Began as a Troll Gladiator on Jan 28, 2024.
             Was a High Priest of Ru.
             Slain by a death yak (12 damage)
             ... on level 4 of the Lair of Beasts.
             The game lasted 00:41:22 (20140 turns).

experimilk the Grappler (Troll Gladiator)          Turns: 20140, Time: 00:41:22

Health: -2/131     AC: 12    Str: 29    XL:     13   Next: 78%
Magic:  6/10       EV: 10    Int:  4    God:    Ru [*****.]
Gold:   2526       SH:  5    Dex: 11    Spells: 12/12 levels left

rFire   + .          .
                       - Unarmed
rCold   . . .        (no shield)
rNeg    . . .        K - +0 troll leather armour
rPois   .            L - +1 hat
rElec   +            A - +0 cloak
rCorr   .            (gloves unavailable)
SInv    +            (boots unavailable)
Will    .....        J - amulet of reflection Stlth
                     r - +4 ring of protection
HPRegen 2.01/turn    d - ring of Nyff {Fly rElec rF+ SInv}
MPRegen 0.12/turn

%: reflection
@: exhausted, about to teleport, flying, studying Polearms
A: large, unfitting armour, claws 3, low MP 1, regeneration 1, shaggy fur 1,
tough skin 1, no stealth, inability to use devices, unskilled 1, no forms
a: Renounce Religion, Draw Out Power, Power Leap, Apocalypse


You were on level 4 of the Lair of Beasts.
You worshipped Ru.
Ru was extremely pleased with you.
You visited 2 branches of the dungeon, and saw 15 of its levels.

You collected 2526 gold pieces.

Inventory:

Missiles
 a - 19 poisoned darts
 q - a throwing net
 s - 8 curare-tipped darts
 x - 2 javelins
 z - 17 large rocks (quivered)
Armour
 A - a +0 cloak (worn)
 K - a +0 troll leather armour (worn)
 L - a +1 hat (worn)
Jewellery
 d - the ring of Nyff (right claw) {Fly rElec rF+ SInv}
   (You acquired it on level 7 of the Dungeon)

   [ring of flight]

   rF+:       It protects you from fire.
   rElec:     It insulates you from electricity.
   SInv:      It lets you see invisible.
   Fly:       It grants you flight.
 o - an amulet of faith
 r - a +4 ring of protection (left claw)
 J - an amulet of reflection (around neck)
 M - a ring of poison resistance
 O - a +5 ring of evasion
 P - an amulet of the acrobat
Scrolls
 b - 2 scrolls of fog {unknown}
 j - 3 scrolls of vulnerability
 k - 4 scrolls of noise
 l - a scroll of enchant weapon {unknown}
 m - 4 scrolls of teleportation
 p - a scroll of enchant armour {unknown}
 v - 2 scrolls of silence
 w - a scroll of immolation {unknown}
 y - a scroll of poison {unknown}
 C - a scroll of torment {unknown}
 F - a scroll of blinking {unknown}
 I - a scroll of fear {unknown}
Potions
 e - a potion of enlightenment
 f - 3 potions of brilliance
 h - 6 potions of curing
 i - 2 potions of attraction
 n - 2 potions of mutation
 t - 2 potions of magic
 H - a potion of cancellation


   Skills:
 - Level 9.1 Fighting
 - Level 9.1 Throwing
 - Level 9.1 Armour
 - Level 2.1 Dodging
 * Level 13.1 Unarmed Combat
   Level 0.0 Evocations


You had 12 spell levels left.
You didn't know any spells.
Your spell library contained the following spells:

 Spells                   Type           Power      Damage    Failure   Level
 Apportation              Tloc           0%         N/A       52%         1
 Foxfire                  Conj/Fire      0%         2x1d4     52%         1
 Freeze                   Ice            0%         1d3       52%         1
 Necrotise                Necr           0%         1d4       52%         1
 Sting                    Conj/Alch      0%         1d3       52%         1
 Summon Small Mammal      Summ           0%         N/A       52%         1
 Scorch                   Fire           0%         2d5       67%         2
 Frozen Ramparts          Ice            0%         1d1       88%         3
 Fugue of the Fallen      Necr           0%         N/A       88%         3
 Hailstorm                Conj/Ice       0%         3d5       88%         3
 Inner Flame              Hex/Fire       0%         N/A       88%         3
 Ozocubu's Armour         Ice            0%         N/A       88%         3
 Flame Wave               Conj/Fire      0%         2d4       99%         4
 Manifold Assault         Tloc           0%         N/A       99%         4
 Sticky Flame             Fire/Alch      0%         2d4       99%         4
 Summon Blazeheart Golem  Fire/Summ      0%         N/A       99%         4
 Summon Forest            Summ/Tloc      0%         N/A       100%        5
 Conjure Ball Lightning   Conj/Air       0%         3x3d6     100%        6
 Death Channel            Necr           0%         N/A       100%        6
 Eringya's Noxious Bog    Alch           0%         4d6       100%        6
 Plasma Beam              Fire/Air       0%         2x1d10    100%        6
 Starburst                Conj/Fire      0%         6d3       100%        6
 Summon Cactus Giant      Summ           0%         N/A       100%        6
 Orb of Destruction       Conj           0%         9d5       100%        7
 Spellforged Servitor     Conj/Summ      0%         N/A       100%        7
 Summon Hydra             Summ           0%         N/A       100%        7


Dungeon Overview and Level Annotations

Branches:
Dungeon (11/15)            Temple (0/1) D:5            Lair (4/5) D:11
 Shoals (0/4) Lair:3       Spider (0/4) Lair:2          Orc (0/2) D:9
  Slime: Lair:4-5

Altars:
Fedhas
Qazlal
Ru
Sif Muna
Trog
Vehumet
Xom

Shops:
D:11 *

Annotations:
D:3 2 transporters, jasper's ghost, amateur AtEn
D:6 1 runed translucent door, Hsik's ghost, amateur TrCA


Innate Abilities, Weirdness & Mutations

You are too large for most types of armour.
You have claws for hands.
Your magical capacity is low. (-10% MP)
Your natural rate of healing is unusually fast.
You are covered in fur. (AC +1)
You have tough skin. (AC +1)
You cannot be stealthy.
You cannot study or use magical devices.
You are somewhat unskilled. (-1 Apt)
You cannot voluntarily change form.


Message History

Your Unarmed Combat skill increases to level 13!
Unknown command.
You scratch the death yak but do no damage.
The death yak is lightly wounded.
The death yak is stunned by your conviction and fails to attack.
You block the death yak's attack. The death yak gores you!!
You focus your inner power and blind the death yak in retribution!
The boulder beetle curls into a ball and begins rolling!
Unknown command.
You mangle the death yak!!
The death yak is heavily wounded.
The death yak gores you!!
The death yak is stunned by your conviction and fails to attack.
The death yak gores you.
Unknown command.
Okay, then.
You mangle the death yak!!
You kill the death yak!
The death yak barely misses you. You block the death yak's attack.
Unknown command.
You barely miss the death yak. The death yak misses you.
The death yak gores you.
You scratch the boulder beetle.
The boulder beetle is lightly wounded.
The boulder beetle hits you!!
* * * LOW HITPOINT WARNING * * *
The boulder beetle stops rolling and uncurls.
Unknown command.
As you read the scroll of teleportation, it crumbles to dust.
You feel strangely unstable. You block the death yak's attack.
The death yak closely misses you. The boulder beetle bites you!
* * * LOW HITPOINT WARNING * * *
Unknown command.
Unknown command.
The death yak attacks as it pursues you!
The death yak is stunned by your conviction and fails to attack.
The death yak is no longer blind.
The death yak attacks as it pursues you!
The death yak gores you!
You die...

#..##.......##†....#
#...#.###...#.....##
##.....#....##....#
#####.................####
#.#..#.................#.#
......................#.##
.....................>....
..........................
.........@###.#...........
.......BY.######........##
#......Y..............##
+.....†(.P#..........##
.P#........+ ..#......##
#.......?# ..#.......#
#...(.......PP......##
#.........+...P.......#
##.........#.........####


You could see 2 death yaks and a boulder beetle.

Vanquished Creatures
  Gastronok (D:9)
  A dire elephant (Lair:1)
  3 hydras (Lair:3)
  A catoblepas (Lair:1)
  7 death yaks
  2 two-headed ogres (D:10)
  3 boulder beetles
  A skyshark (Lair:3)
  A skeletal warrior (D:7)
  Lodul (D:11)
  A manticore (D:11)
  5 cyclopes
  Maurice (D:9)
  2 black mambas
  4 cane toads
  9 elephants
  4 komodo dragons
  2 kobold demonologists
  5 rime drakes
  4 merfolk (Lair:3)
  7 trolls
  A hornet (D:10)
  6 blink frogs
  4 dream sheep (Lair:3)
  2 glass eyes (D:10)
  2 shadows
  8 wyverns
  A yak (D:10)
  A wraith (D:10)
  A warg (D:9)
  A basilisk (D:7)
  Grum (D:10)
  4 redbacks
  6 vampire mosquitoes
  Menkaure (D:4)
  2 acid dragons
  11 water moccasins
  A sky beast (D:7)
  11 orc warriors
  3 ice beasts
  9 ogres
  10 wolves
  7 centaurs
  A phantom (D:5)
  10 bullfrogs
  4 kobold brigands
  6 scorpions
  A gnoll sergeant (D:8)
  21 wights
  16 killer bees
  8 howler monkeys
  11 electric eels
  4 bombardier beetles
  7 hounds
  A jelly (D:7)
  A gnoll bouda (D:7)
  4 orc priests
  Jessica (D:3)
  3 iguanas
  A sleepcap (D:7)
  Natasha (D:4)
  14 orc wizards
  7 hell rats (Lair:3)
  5 gnolls (D:8)
  10 adders
  A shadow imp (D:7)
  2 white imps (D:7)
  2 ufetubi (D:4)
  2 dart slugs
  2 ribbon worms (D:4)
  41 orcs
  8 ball pythons
  5 bats
  4 endoplasms
  3 giant cockroaches
  5 goblins
  3 hobgoblins
  10 jackals
  8 kobolds
  3 quokkas
  3 frilled lizards
  5 rats
402 creatures vanquished.

Vanquished Creatures (others)
  A torpor snail (Lair:3)
1 creature vanquished.

Grand Total: 403 creatures vanquished

Notes
Turn   | Place    | Note
-------+----------+-------------------------------------------
     0 | D:1      | experimilk the Troll Gladiator began the quest for the Orb.
     0 | D:1      | Reached XP level 1. HP: 19/19 MP: 0/0
   229 | D:1      | Reached XP level 2. HP: 27/27 MP: 1/1
   759 | D:2      | Reached skill level 4 in Unarmed Combat
   944 | D:2      | Reached XP level 3. HP: 33/33 MP: 2/2
  1028 | D:2      | Noticed an ogre
  1031 | D:2      | Killed an ogre
  1032 | D:2      | Reached skill level 5 in Unarmed Combat
  1032 | D:2      | Reached XP level 4. HP: 41/41 MP: 3/3
  1040 | D:2      | Reached XP level 5. HP: 46/48 MP: 4/4
  1060 | D:2      | Found a faded altar of an unknown god.
  1507 | D:3      | Reached skill level 6 in Unarmed Combat
  1627 | D:3      | Noticed a centaur
  1627 | D:3      | Noticed jasper's ghost (amateur AtEn)
  1628 | D:3      | Found a transporter.
  1631 | D:3      | Found a transporter.
  1791 | D:3      | Noticed Jessica
  1796 | D:3      | Killed Jessica
  2375 | D:4      | Noticed Menkaure
  2430 | D:4      | Reached XP level 6. HP: 45/55 MP: 5/5
  2526 | D:4      | Reached skill level 7 in Unarmed Combat
  2556 | D:4      | Killed Menkaure
  3009 | D:4      | Noticed Natasha
  3017 | D:4      | Killed Natasha
  3018 | D:4      | Reached skill level 8 in Unarmed Combat
  3018 | D:4      | Reached XP level 7. HP: 34/62 MP: 6/6
  3253 | D:4      | Found a sacrificial altar of Ru.
  3303 | D:4      | Found a bloodstained altar of Trog.
  3360 | D:4      | Became a worshipper of Ru the Awakened
  3409 | D:5      | Entered Level 5 of the Dungeon
  3412 | D:5      | Found a blossoming altar of Fedhas.
  3877 | D:5      | Reached skill level 9 in Unarmed Combat
  4035 | D:5      | Found a staircase to the Ecumenical Temple.
  4173 | D:5      | Found a radiant altar of Vehumet.
  4397 | D:6      | Found a runed translucent door.
  4401 | D:6      | Noticed Hsik's ghost (amateur TrCA)
  4437 | D:6      | Reached XP level 8. HP: 65/70 MP: 7/7
  4484 | D:6      | Reached skill level 10 in Unarmed Combat
  4549 | D:6      | Noticed a cyclops
  4858 | D:6      | HP: 3/74 [cyclops (4)]
  4861 | D:6      | Killed a cyclops
  5193 | D:6      | Gained mutation: You cannot be stealthy. [Ru sacrifice]
  5443 | D:6      | Reached skill level 5 in Fighting
  5705 | D:7      | Identified 2 scrolls of acquirement
  5705 | D:7      | Acquired 530 gold pieces
  5706 | D:7      | Acquired the ring of Nyff {Fly rElec rF+ SInv}
  6186 | D:6      | Reached XP level 9. HP: 39/84 MP: 8/8
  8026 | D:7      | Noticed a troll
  8027 | D:7      | Noticed a kobold demonologist
  8091 | D:7      | Killed a troll
  8764 | D:7      | Noticed a hellwing
  8765 | D:7      | Noticed a sixfirhy
  8769 | D:7      | Killed a kobold demonologist
  8777 | D:7      | Reached XP level 10. HP: 75/107 MP: 9/9
  8954 | D:7      | Noticed a cyclops
  8954 | D:7      | Noticed a cyclops
  8954 | D:7      | Noticed a boulder beetle
  8954 | D:7      | Noticed a cyclops
  9297 | D:8      | Reached skill level 10 in Fighting
  9301 | D:8      | Acquired 526 gold pieces
  9378 | D:8      | Found a stormy altar of Qazlal.
  9388 | D:8      | Found a shimmering blue altar of Sif Muna.
 10941 | D:9      | Found a staircase to the Orcish Mines.
 11486 | D:9      | Reached skill level 5 in Throwing
 11725 | D:9      | Gained mutation: You cannot voluntarily change form. [Ru
                  | sacrifice]
 11725 | D:9      | Reached * piety under Ru
 12079 | D:9      | Noticed Maurice
 12095 | D:9      | Maurice stole 5 javelins
 12096 | D:9      | Killed Maurice
 12331 | D:9      | Noticed Gastronok
 12348 | D:9      | Killed Gastronok
 12349 | D:9      | Reached XP level 11. HP: 117/117 MP: 10/10
 12766 | D:7      | Noticed a skeletal warrior
 12782 | D:7      | Killed a skeletal warrior
 12794 | D:7      | Reached skill level 10 in Throwing
 12794 | D:7      | Reached skill level 1 in Armour
 12850 | D:7      | Killed a boulder beetle
 12877 | D:7      | Got Tiariyt's Even More Gnosis
 12881 | D:7      | Identified the +7 glaive of Ixuatu Gadi {vamp, rC++ Int+3}
 13110 | D:10     | Entered Level 10 of the Dungeon
 13511 | D:10     | Reached skill level 1 in Evocations
 13522 | D:10     | Noticed a two-headed ogre
 13777 | D:10     | Noticed Grum
 13797 | D:10     | Killed Grum
 13840 | D:10     | Found a shimmering altar of Xom.
 13937 | D:10     | Noticed a two-headed ogre
 13940 | D:10     | Killed a two-headed ogre
 13951 | D:10     | Reached skill level 5 in Armour
 13954 | D:10     | Noticed a two-headed ogre
 13974 | D:10     | Noticed a sixfirhy
 13976 | D:10     | Reached XP level 12. HP: 107/126 MP: 11/11
 13984 | D:10     | Killed a two-headed ogre
 14221 | D:10     | Gained mutation: You cannot study or use magical devices.
                  | [Ru sacrifice]
 14221 | D:10     | Reached ** piety under Ru
 14221 | D:10     | Reached *** piety under Ru
 14627 | D:11     | Noticed Lodul
 14741 | D:11     | Killed Lodul
 14888 | D:11     | Found Plog's General Store.
 15457 | D:11     | Found a staircase to the Lair.
 15904 | Lair:1   | Entered Level 1 of the Lair of Beasts
 15981 | Lair:1   | Noticed a boulder beetle
 16064 | Lair:1   | Killed a boulder beetle
 16133 | Lair:1   | Found a runed translucent door.
 16157 | Lair:1   | Noticed a dire elephant
 16157 | Lair:1   | Noticed a catoblepas
 16157 | Lair:1   | Noticed a death yak
 16157 | Lair:1   | Noticed a death yak
 16157 | Lair:1   | Noticed a death yak
 16157 | Lair:1   | Noticed a death yak
 16726 | Lair:1   | Gained mutation: Your magical capacity is low. (-10% MP)
                  | [Ru sacrifice]
 16726 | Lair:1   | Reached **** piety under Ru
 16885 | Lair:1   | Killed a dire elephant
 16963 | Lair:1   | Killed a death yak
 16971 | Lair:1   | Killed a death yak
 16988 | Lair:1   | Killed a death yak
 16989 | Lair:1   | Reached skill level 10 in Armour
 17007 | Lair:1   | Killed a catoblepas
 17021 | Lair:1   | Killed a death yak
 17285 | Lair:1   | Reached XP level 13. HP: 112/133 MP: 10/10
 17736 | Lair:2   | Reached skill level 11 in Unarmed Combat
 18083 | Lair:2   | Found a hole to the Spider Nest.
 18505 | Lair:3   | Reached skill level 12 in Unarmed Combat
 18909 | Lair:3   | Found a staircase to the Shoals.
 19219 | Lair:3   | Gained mutation: You are somewhat unskilled. (-1 Apt) [Ru
                  | sacrifice]
 19219 | Lair:3   | Reduced skill Unarmed Combat to level 11
 19219 | Lair:3   | Reached ***** piety under Ru
 19339 | Lair:3   | Reached skill level 12 in Unarmed Combat
 20133 | Lair:4   | Reached skill level 13 in Unarmed Combat
 20138 | Lair:4   | HP: 6/131 [boulder beetle (15)]
 20140 | Lair:4   | Slain by a death yak

Illustrated notes

Levels and vault maps discovered:
D:1:      dpeg_arrival_shrine, layout_loops_cross, minivault_4,
          chequers_serial_rivers_micro_e, hex_large
D:2:      layout_loops_ring, serial_glass, glass_columns_a, glass_columns_a,
          ebering_ecumenical_altar_webs
D:3:      layout_basic, gammafunk_ghost_arena, hex_intersection,
          kennysheep_generic_room_7, uniq_jessica
D:4:      layout_cave_pods, nicolae_ru_the_path_less_chosen, trog_book,
          uniq_natasha, uniq_menkaure
D:5:      layout_basic, lemuel_tele_altar, kennysheep_mini_moat,
          minmay_temple_entry_enclosed_plants
D:6:      nicolae_cairo_tiling_large, layout_loops_ring, ebering_ghost_sewer_d,
          kennysheep_nondescript
D:7:      minmay_the_grid_octo_tiled_octocenter [minmay_the_grid_octo_odd_swirl,
          minmay_the_grid_octo_chip, minmay_the_grid_octo_fat_diamond,
          minmay_the_grid_octo_pinwheel,
          minmay_the_grid_octo_prize_square_snowflake,
          minmay_the_grid_square_5x5_v, minmay_the_grid_square_5x5_broken_cross,
          minmay_the_grid_square_5x5_two, minmay_the_grid_square_5x5_checkered],
          layout_rooms
D:8:      layout_basic, jmf_multi_god_temple, dreamdust_princess_corridor
D:9:      layout_loops_ring, erik_orc_3, minmay_quadrilaterals, uniq_maurice,
          uniq_gastronok
D:10:     layout_stronghold, kennysheep_little_box, onia_ninara_cookie,
          uniq_grum
D:11:     layout_basic, erik_lair_island, serial_shops,
          nicolae_shop_tiny_real_fake_doors, uniq_lodul
Lair:1:   gammafunk_lair_enchanted_lake, layout_cave_pods
Lair:2:   layout_layer_cave, spider_nest_entry_webs, amcnicky_mini_pool_medium
Lair:3:   layout_regular_city, elwin_shoals_entry_stream, st_stairs_11
Lair:4:   layout_regular_city, nicolae_lair_time_for_slime

Skill      XL: |  1  2  3  4  5  6  7  8  9 10 11 12 13 |
---------------+----------------------------------------+-----
Unarmed Combat | 4 5 6 8 9 10 13 | 13.1
Fighting       | 6 9 10 9 |  9.1
Throwing       | 8 10 9 |  9.1
Armour         | 5 10 9 |  9.1
Evocations     | 2 0 |  0.0
Dodging        | |  2.1

Action                     |  1- 3 |  4- 6 |  7- 9 | 10-12 | 13-15 || total
---------------------------+-------+-------+-------+-------+-------++-------
  Melee: Unarmed           |   110 |    91 |   211 |   547 |   177 ||  1136
         Punch             |       |     4 |    15 |    35 |    14 ||    68
  Throw: Large rock        |       |     1 |     9 |    36 |    49 ||    95
         Dart              |       |       |    14 |    16 |    14 ||    44
         Boomerang         |       |       |     2 |    73 |    30 ||   105
         Javelin           |       |       |       |     8 |       ||     8
         Throwing net      |       |       |       |     4 |     1 ||     5
 Invoke: Sacrifice Stealth |       |       |     1 |       |       ||     1
         Sacrifice Forms   |       |       |       |     1 |       ||     1
         Power Leap        |       |       |       |     1 |     3 ||     4
         Sacrifice Essence |       |       |       |     1 |       ||     1
         Sacrifice Artific |       |       |       |     1 |       ||     1
         Draw Out Power    |       |       |       |       |     1 ||     1
         Sacrifice Skill   |       |       |       |       |     1 ||     1
    Use: Scroll            |       |     2 |    10 |     7 |     2 ||    21
         Potion            |       |       |       |     5 |     1 ||     6
   Stab: Distracted        |       |       |     1 |       |       ||     1
         Invisible         |       |       |       |     3 |     3 ||     6
         Held in net/web   |       |       |       |     2 |       ||     2
 Armour: Robe              |    50 |    69 |   143 |   100 |       ||   362
         Troll leather arm |       |       |       |   323 |   140 ||   463
         Skin              |       |       |       |    30 |       ||    30
  Dodge: Dodged            |    64 |    39 |    88 |   212 |    71 ||   474
  Block: Other             |       |       |       |    60 |    35 ||    95
         Reflection        |       |       |       |     1 |       ||     1
